 Dungeon Crawl Stone Soup version 0.32-a0-768-g0f6f1dd4b9 (webtiles) character file.

Game seed: 6854505443529790973

151 gimp the Conjurer (level 5, 0/52 HPs)
             Began as a Barachi Earth Elementalist on Mar 19, 2024.
             Slain by Eustachio
             ... wielding a +0 rapier
              (4 damage)
             ... on level 4 of the Dungeon.
             The game lasted 00:04:44 (3117 turns).

gimp the Conjurer (Barachi Earth Elementalist)      Turns: 3117, Time: 00:04:44

Health: 0/52       AC:  3    Str:  9    XL:     5   Next: 33%
Magic:  2/9        EV: 11    Int: 18    God:
Gold:   106        SH:  0    Dex: 12    Spells: 6/10 levels left

rFire   . . .        a - +1 short sword (venom)
rCold   . . .        (no shield)
rNeg    . . .        d - +0 robe
rPois   .            h - +0 helmet
rElec   .            (no cloak)
rCorr   .            (no gloves)
SInv    .            (no boots)
Will    .....        (no amulet) Stlth
                     s - ring of flight
HPRegen 0.28/turn    (no ring)
MPRegen 0.11/turn

%: no passive effects
@: berserking, flying, quick
A: amphibious, slowness 1, strong legs 1, +LOS
a: Hop


You were on level 4 of the Dungeon.
You visited 1 branch of the dungeon, and saw 4 of its levels.

You collected 106 gold pieces.

Inventory:

Hand Weapons
 a - a +1 short sword of venom (weapon)
 c - a +2 short sword of holy wrath
Armour
 d - a +0 robe (worn)
 h - a +0 helmet (worn)
Magical Staves
 b - a staff of fire
Jewellery
 s - a ring of flight (left hand)
Wands
 r - a wand of warping (9)
Scrolls
 f - a scroll of fog {unknown}
 g - a scroll of poison {unknown}
 j - a scroll of immolation {unknown}
 m - a scroll of teleportation {unknown}
 n - 3 scrolls of identify {unknown}
 p - a scroll of amnesia {unknown}
 q - 2 scrolls of noise {unknown}
 t - a scroll of vulnerability {unknown}
 u - a scroll of acquirement {unknown}
 v - a scroll of blinking {unknown}
 w - a scroll of enchant weapon {unknown}
Potions
 e - a potion of berserk rage
 i - a potion of mutation {unknown}
 k - a potion of magic
 o - a potion of brilliance {unknown}
 x - a potion of heal wounds {unknown}


   Skills:
 - Level 2.1 Dodging
 - Level 1.7 Stealth
 + Level 3.2 Spellcasting
 * Level 4.0 Conjurations
 + Level 3.8 Earth Magic


You had 6 spell levels left.
You knew the following spells:

 Your Spells              Type           Power      Damage    Failure   Level
a - Sandblast             Erth           32%        2d9       3%          1
b - Stone Arrow           Conj/Erth      34%        3d9       10%         3

Your spell library contained the following spells:

 Spells                   Type           Power      Damage    Failure   Level
 Passwall                 Erth           16%        N/A       10%         3
 Brom's Barrelling Bould  Conj/Erth      17%        2d4       30%         4
 Volatile Blastmotes      Fire/Tloc      4%         2d10      43%         3
 Fulminant Prism          Conj/Alch      5%         3d7       56%         4
 Iskenderun's Mystic Bla  Conj/Tloc      10%        2d4       56%         4
 Petrify                  Alch/Erth      9%         N/A       56%         4
 Passage of Golubria      Tloc           2%         N/A       85%         4
 Silence                  Hex/Air        1%         N/A       99%         5
 Lehudib's Crystal Spear  Conj/Erth      8%         10d4      100%        8


Dungeon Overview and Level Annotations

Branches:
Dungeon (4/15)
 Temple: D:4-7

Altars:

Annotations:
D:2 1 runed translucent door, exclusion: door, Crazy Yiuf
D:4 Eustachio


Innate Abilities, Weirdness & Mutations

You are amphibious.
You cover ground slowly.
You can hop short distances.
You have an extended range of vision and can be seen from far away.


Message History

The blast of sand hits the hound.
The hound is almost dead.
The hound bites you. x2
You take 5 damage, and have 11/35 hp.
You now have 6/9 mp.
It was a potion of curing.
You feel better.
You kill the hound!
Your Conjurations skill increases to level 4!
You regained 7 hp, and now have 18/35 hp.
You barely miss Eustachio. Eustachio hits you with a +0 rapier!
* * * LOW HITPOINT WARNING * * *
You take 8 damage, and have 10/35 hp.
MASSIVE DAMAGE!!
You feel better. Eustachio closely misses you.
You regained 11 hp, and now have 21/35 hp.
You barely miss Eustachio.
Eustachio gestures wildly while chanting.
You barely miss Eustachio. Eustachio hits you with a +0 rapier.
The ufetubus hits you. x2
The white imp spits at you.
You take 6 damage, and have 15/35 hp.
You barely miss Eustachio. The ufetubus misses you.
The ufetubus closely misses you. Eustachio hits you but does no damage.
The ufetubus misses you. The ufetubus hits you.
You take 1 damage, and have 14/35 hp.
You barely miss Eustachio.
The white imp disappears in a puff of smoke!
Eustachio mumbles some strange words.
Eustachio blinks!
The ufetubus slips past you! The ufetubus closely misses you.
The ufetubus hits you.
You take 1 damage, and have 13/35 hp.
The ufetubus attacks as it pursues you! The ufetubus misses you.
The ufetubus hits you but does no damage.
Eustachio casts a spell.
Eustachio blinks!
The ufetubus closely misses you. The ufetubus barely misses you.
Casting: Sandblast (safe; 3% risk of failure)
Confirm with . or Enter, or press ? or * to list all spells.
Aiming: Sandblast (safe; 3% risk of failure)
Press: ? - help, Shift-Dir - straight line, f - ufetubus
Aim: an ufetubus (summoned, 70% to hit)
Okay, then.
Casting: Sandblast (safe; 3% risk of failure)
Confirm with . or Enter, or press ? or * to list all spells.
Aiming: Stone Arrow (quite dangerous; 10% risk of failure)
Press: ? - help, Shift-Dir - straight line, f - Eustachio
Aim: Eustachio, wielding a +0 rapier and wearing a +0 leather armour (56% to hit)
The stone arrow hits Eustachio!
Eustachio is moderately wounded.
Eustachio hits you with a +0 rapier. The ufetubus hits you.
* * * LOW HITPOINT WARNING * * *
The ufetubus closely misses you.
You take 5 damage, and have 8/35 hp.
You now have 4/9 mp.
Casting: Stone Arrow (quite dangerous; 10% risk of failure)
Confirm with . or Enter, or press ? or * to list all spells.
Aiming: Stone Arrow (quite dangerous; 10% risk of failure)
Press: ? - help, Shift-Dir - straight line, f/p - Eustachio
Aim: Eustachio, wielding a +0 rapier and wearing a +0 leather armour (moderately wounded, 56% to hit)
The stone arrow hits Eustachio!
Eustachio is heavily wounded.
The ufetubus hits you.
* * * LOW HITPOINT WARNING * * *
The ufetubus hits you.
* * * LOW HITPOINT WARNING * * *
Eustachio mumbles some strange words.
Eustachio blinks!
The ufetubus hits you but does no damage.
The ufetubus barely misses you.
You take 3 damage, and have 5/35 hp.
You now have 1/9 mp.
You feel better. The ufetubus barely misses you.
The ufetubus hits you but does no damage.
You regained 6 hp, and now have 11/35 hp.
It was a potion of berserk rage.
A red film seems to cover your vision as you go berserk!
You feel yourself moving faster!
You feel mighty!
The ufetubus hits you but does no damage.
The ufetubus hits you. The ufetubus closely misses you. The ufetubus hits you.
* * * LOW HITPOINT WARNING * * *
You now have 13/52 hp.
You puncture the ufetubus!
You kill the ufetubus!
The ufetubus disappears in a puff of smoke!
Eustachio gestures wildly while chanting.
Eustachio blinks!
Eustachio hits you with a +0 rapier!
* * * LOW HITPOINT WARNING * * *
The ball python attacks as it pursues you!
The ball python completely misses you.
You take 8 damage, and have 5/52 hp.
You puncture Eustachio!
Eustachio is severely wounded.
Eustachio barely misses you.
You closely miss Eustachio.
Eustachio is severely wounded.
The ball python bites you but does no damage.
You closely miss Eustachio.
Eustachio is severely wounded.
The ball python bites you.
* * * LOW HITPOINT WARNING * * *
The ball python barely misses you. Eustachio hits you with a +0 rapier.
You die...
Eustachio twirls his moustache.

#.@.# #.S.# ###@####
#....# ####.# #†# #g#
#S# #@# #@# ####.#
#..#.################
#..#.................
#....################
#.##.# #<... #....#
###.. #.##.# #.#


You could see Eustachio, a hobgoblin and a ball python.

Vanquished Creatures
  A hound (D:4)
  Jessica (D:3)
  An iguana (D:3)
  2 adders
  A dart slug (D:3)
  A ribbon worm (D:2)
  3 endoplasms
  3 giant cockroaches
  4 goblins
  7 hobgoblins
  3 quokkas
  5 ball pythons
  4 bats
  4 frilled lizards
  3 kobolds
  3 rats
46 creatures vanquished.

Notes
Turn   | Place    | Note
-------+----------+-------------------------------------------
     0 | D:1      | gimp the Barachi Earth Elementalist began the quest for the
                  | Orb.
     0 | D:1      | Reached XP level 1. HP: 13/13 MP: 3/3
   136 | D:1      | Found a faded altar of an unknown god.
   285 | D:1      | Reached XP level 2. HP: 19/19 MP: 0/5
   396 | D:1      | Reached skill level 2 in Conjurations
  1057 | D:2      | Reached XP level 3. HP: 24/24 MP: 2/6
  1097 | D:2      | Learned a level 3 spell: Stone Arrow
  1656 | D:2      | Found a runed translucent door.
  1657 | D:2      | Noticed Crazy Yiuf
  2195 | D:3      | Noticed Jessica
  2199 | D:3      | Killed Jessica
  2200 | D:3      | Reached skill level 3 in Conjurations
  2200 | D:3      | Reached XP level 4. HP: 30/30 MP: 5/8
  3023 | D:4      | Reached XP level 5. HP: 35/35 MP: 7/9
  3084 | D:4      | Noticed Eustachio
  3102 | D:4      | Reached skill level 4 in Conjurations
  3117 | D:4      | Slain by Eustachio

Illustrated notes

Levels and vault maps discovered:
D:1:      shiori_arrival_whats_in_store_for_you, layout_basic,
          hellmonk_ecumenical_altar_heavens_door, minmay_worlds_worst_comb
D:2:      layout_basic, uniq_crazy_yiuf_cottage
D:3:      layout_loops_corners, minmay_cut_off, uniq_jessica
D:4:      layout_basic, nicolae_shop_firing_range, uniq_eustachio

Skill      XL: |  1  2  3  4  5 |
---------------+----------------+-----
Conjurations   | 2 3 4 |  4.0
Spellcasting   | 3 |  3.2
Dodging        | |  2.1
Stealth        | |  1.7
Earth Magic    | |  3.8

Action                     |  1- 3 |  4- 6 || total
---------------------------+-------+-------++-------
  Melee: Unarmed           |    12 |       ||    12
         Dagger            |     2 |       ||     2
         Short sword       |       |    15 ||    15
   Cast: Sandblast         |    57 |    19 ||    76
         Stone Arrow       |     1 |     2 ||     3
    Use: Potion            |       |     4 ||     4
 Armour: Robe              |    12 |    32 ||    44
  Dodge: Dodged            |    19 |    32 ||    51

Table legend: (Time is in decaauts)
 A = Elapsed time spent in this place.
 B = Non-inter-level travel time spent in this place.
 C = Inter-level travel time spent in this place.
 D = Time resting spent in this place.
 E = Time spent auto-exploring this place.
 F = Levels seen in this place.
 G = Mean time per level.
                   A        B        C        D        E       F      G
               +--------+--------+--------+--------+--------+-----+--------+
         Total |   3600 |   3401 |    199 |     65 |   2928 |   4 |  900.0 |
       Dungeon |   3600 |   3401 |    199 |     65 |   2928 |   4 |  900.0 |
               +--------+--------+--------+--------+--------+-----+--------+

Top non-repeatable levels by time:
     D:3: 1179 daAuts
     D:1: 1163 daAuts
     D:2: 1136 daAuts
     D:4: 121 daAuts
